 Dungeon Crawl Stone Soup version 0.28-a0-1002-gf00fe891ef (webtiles) character file.

Game seed: 12890474528964661679

5399 mcbry74 the Grappler (level 10, -1/85 HPs)
             Began as a Troll Gladiator on Dec 6, 2021.
             Was a Believer of Trog.
             Slain by a wolf (6 damage)
             ... on level 1 of the Lair of Beasts.
             The game lasted 00:30:43 (7998 turns).

mcbry74 the Grappler (Troll Gladiator)              Turns: 7998, Time: 00:30:44

Health: -1/85      AC:  4    Str: 24    XL:     10   Next: 40%
Magic:  9/9        EV: 10    Int:  4    God:    Trog [**....]
Gold:   366        SH: 10    Dex: 15    Spells: 9/9 levels left

rFire   . . .      SeeInvis .     - Unarmed
rCold   . . .      Faith    +   z - +1 kite shield
rNeg    + . .      Spirit   .   a - +0 robe
rPois   .          Reflect  .   b - +0 hat
rElec   .          Harm     .   (no cloak)
rCorr   .          Rampage  .   (gloves unavailable)
Will    ++...                   (boots unavailable)
Stlth   +.........              m - amulet of faith
HPRegen 2.04/turn               G - ring of positive energy
MPRegen 0.11/turn               (no ring)

@: strong-willed, regenerating
A: large, unfitting armour, claws 3, regeneration 1, shaggy fur 1, tough skin 1
a: Renounce Religion, Berserk, Trog's Hand


You were on level 1 of the Lair of Beasts.
You worshipped Trog.
Trog was pleased with you.
You visited 3 branches of the dungeon, and saw 11 of its levels.

You collected 366 gold pieces.

Inventory:

Hand Weapons
 o - a +0 hunting sling
 u - a +1 morningstar
 C - a +0 giant spiked club
Missiles
 c - 5 throwing nets
 d - 155 stones
 l - 8 poisoned darts (quivered)
 r - 51 sling bullets
 t - a silver boomerang
 B - 6 javelins
Armour
 a - a +0 robe (worn)
 b - a +0 hat (worn)
 z - a +1 kite shield (worn)
Jewellery
 m - an amulet of faith (around neck)
 v - an amulet of the acrobat
 G - a ring of positive energy (left claw)
Wands
 e - a wand of flame (23)
 k - a wand of digging (2)
 E - a wand of iceblast (5)
Scrolls
 f - a scroll of summoning
 i - 3 scrolls of enchant armour
 j - 7 scrolls of teleportation
 n - a scroll of fog
 p - a scroll of identify
 w - 2 scrolls of enchant weapon
 x - a scroll of torment
 y - a scroll of amnesia
 A - 2 scrolls of silence {unknown}
 H - a scroll of brand weapon {unknown}
 I - a scroll of immolation {unknown}
Potions
 h - a potion of curing
 q - 2 potions of flight
 s - a potion of mutation
 D - a potion of attraction
 F - a potion of might {unknown}
 J - 2 potions of heal wounds {unknown}


   Skills:
 - Level 1.5 Fighting
 + Level 6.0 Maces & Flails
 + Level 4.6 Throwing
 + Level 4.7 Dodging
 + Level 4.6 Shields
 * Level 10.2 Unarmed Combat
 + Level 3.4 Evocations


You had 9 spell levels left.
You didn't know any spells.
Your spell library contained the following spells:

 Spells                   Type           Power      Damage    Failure   Level
 Passwall                 Tmut/Erth      0%         N/A       91%         2
 Mephitic Cloud           Conj/Pois/Air  0%         N/A       99%         3
 Spider Form              Tmut/Pois      0%         N/A       99%         3
 Swiftness                Air            0%         N/A       99%         3
 Iskenderun's Mystic Bla  Conj/Tloc      0%         2d3       100%        4
 Eringya's Noxious Bog    Tmut/Pois      0%         N/A       100%        6


Dungeon Overview and Level Annotations

Branches:
Dungeon (9/15)             Temple (1/1) D:5            Lair (1/6) D:8
    Orc: D:9-12

Altars:
Ashenzari
Cheibriados
Dithmenos
Fedhas
Kikubaaqudgha
Makhleb
Ru
Trog
Uskayaw
Xom
Zin

Shops:
D:1 [   D:2 [   D:8 [

Annotations:
D:8 2 transporters


Innate Abilities, Weirdness & Mutations

You are too large for most types of armour.
You have claws for hands.
Your natural rate of healing is unusually fast.
You are covered in fur. (AC +1)
You have tough skin. (AC +1)


Message History

You are too injured to fight recklessly!
You are too injured to fight recklessly!
You closely miss the wolf. The wolf bites you. The wolf closely misses you.
You block the wolf's attack. The wolf barely misses you.
The wolf closely misses you. The wolf bites you but does no damage.
You barely miss the wolf. The wolf barely misses you.
You block the wolf's attack. x2
The bullfrog snags a nearby mouse with its tongue.
The wolf bites you. The wolf closely misses you.
You claw the wolf!
The wolf is heavily wounded.
You block the wolf's attack. The wolf bites you. You block the wolf's attack.
The wolf bites you.
* * * LOW HITPOINT WARNING * * *
You closely miss the wolf.
The wolf is heavily wounded.
The wolf bites you.
* * * LOW HITPOINT WARNING * * *
The wolf stops to sniff the ground.
You block the wolf's attack. The wolf barely misses you.
You block the wolf's attack. The wolf bites you.
* * * LOW HITPOINT WARNING * * *
The wolf bites you.
* * * LOW HITPOINT WARNING * * *
You claw the wolf!
You kill the wolf!
Trog accepts your kill. The wolf closely misses you.
The wolf bites you but does no damage.
You closely miss the wolf. The wolf bites you!
* * * LOW HITPOINT WARNING * * *
You block the wolf's attack. The wolf bites you.
* * * LOW HITPOINT WARNING * * *
The wolf closely misses you.
Okay, then.
Your skin crawls.
You feel strong-willed. The wolf misses you. You block the wolf's attack.
A wolf comes into view.
The wolf bites you.
You die...

### ######
..###########P##P#########
...............h@hh.........
..+#.###......#h##..+#......
.+.....#......#F......#.....
.#.....#..............#...#.
.#.....#...<..P.......#.(...
.#............#.............
.#.....#..................#.
.#.....#...h..........#...P.
.###.#.P.......#..P##.#...PP


You could see 5 wolves and a bullfrog.

Vanquished Creatures
  A centaur warrior (D:9)
  A black mamba (Lair:1)
  2 centaur zombies
  2 wraiths
  A shadow (D:9)
  A wyvern (D:9)
  2 steam dragons (D:8)
  2 orc warriors
  A black bear (D:8)
  2 ice beasts
  A necrophage (D:8)
  An ogre (D:5)
  2 wolves (Lair:1)
  4 centaurs
  3 phantoms
  A kobold brigand (D:8)
  5 bullfrogs
  A wyvern skeleton (D:6)
  2 water moccasin skeletons (D:6)
  11 wights
  6 killer bees (D:8)
  A howler monkey (D:6)
  A hound (D:6)
  A centaur skeleton (D:5)
  4 orc priests
  A gnoll shaman (D:5)
  4 iguanas
  An orc wizard (D:7)
  2 hound skeletons (D:4)
  2 howler monkey zombies
  8 adders
  8 gnolls
  A white imp (D:5)
  An ufetubus (D:6)
  An adder zombie (D:5)
  A worm (D:3)
  2 dart slugs
  17 orcs
  6 ball pythons
  4 bats
  7 endoplasms
  5 giant cockroaches
  8 goblins
  4 hobgoblins
  10 jackals
  11 kobolds
  3 quokkas
  7 frilled lizards
  6 rats
179 creatures vanquished.

Vanquished Creatures (others)
  A fungus (Lair:1)
  11 plants
12 creatures vanquished.

Grand Total: 191 creatures vanquished

Notes
Turn   | Place    | Note
-------+----------+-------------------------------------------
     0 | D:1      | mcbry74 the Troll Gladiator began the quest for the Orb.
     0 | D:1      | Reached XP level 1. HP: 19/19 MP: 0/0
   192 | D:1      | Found a faded altar of an unknown god.
   207 | D:1      | Reached XP level 2. HP: 27/27 MP: 1/1
   309 | D:1      | Found Wabicyac's Armour Shop.
   671 | D:1      | Reached skill level 1 in Maces & Flails
   999 | D:2      | Found Kammos's Armour Shop.
  1051 | D:2      | Reached XP level 3. HP: 33/33 MP: 2/2
  1075 | D:2      | Reached skill level 4 in Unarmed Combat
  1228 | D:2      | Reached XP level 4. HP: 41/41 MP: 3/3
  1379 | D:2      | Got the Volume of Mutagenic Conjuration
  2427 | D:3      | Reached skill level 5 in Unarmed Combat
  2440 | D:3      | Reached XP level 5. HP: 26/48 MP: 4/4
  2736 | D:4      | Noticed a phantom
  2750 | D:4      | Killed a phantom
  2910 | D:4      | Reached XP level 6. HP: 55/55 MP: 5/5
  2942 | D:4      | Found a sacrificial altar of Ru.
  3104 | D:4      | Reached skill level 6 in Unarmed Combat
  3482 | D:5      | Entered Level 5 of the Dungeon
  3536 | D:5      | Found a staircase to the Ecumenical Temple.
  3544 | Temple   | Entered the Ecumenical Temple
  3681 | Temple   | Became a worshipper of Trog the Wrathful
  3730 | D:5      | Reached skill level 1 in Shields
  3890 | D:5      | Reached XP level 7. HP: 62/62 MP: 6/6
  4243 | D:5      | Reached skill level 7 in Unarmed Combat
  4762 | D:6      | Reached * piety under Trog
  4763 | D:6      | Reached XP level 8. HP: 58/70 MP: 7/7
  4996 | D:6      | You fall into a shaft and drop 2 floors!
  5001 | D:8      | Found a staircase to the Lair.
  5021 | D:8      | Reached skill level 1 in Evocations
  5091 | D:8      | Found a transporter.
  5141 | D:8      | Reached skill level 8 in Unarmed Combat
  5224 | D:6      | Found a shimmering altar of Xom.
  6015 | D:7      | Reached XP level 9. HP: 75/76 MP: 8/8
  6181 | D:7      | Found a hide-covered altar of Uskayaw.
  6307 | D:7      | Reached skill level 5 in Maces & Flails
  6578 | D:8      | Found an ancient bone altar of Kikubaaqudgha.
  6587 | D:8      | Found Enteabam's Antique Armour Shoppe.
  6638 | D:8      | Found a transporter.
  6639 | D:8      | Noticed a boulder beetle
  6733 | D:8      | Reached skill level 9 in Unarmed Combat
  6753 | D:8      | HP: 3/114 [killer bee (5)]
  6758 | D:8      | HP: 3/114 [poisoned by a killer bee]
  6952 | D:8      | Reached ** piety under Trog
  7290 | D:9      | Noticed a two-headed ogre
  7291 | D:9      | Noticed a cyan very ugly thing
  7382 | D:9      | Noticed a centaur warrior
  7407 | D:9      | Killed a centaur warrior
  7408 | D:9      | Reached XP level 10. HP: 17/85 MP: 9/9
  7410 | D:9      | HP: 2/85 [orc warrior (18)]
  7628 | D:8      | Reached skill level 10 in Unarmed Combat
  7723 | Lair:1   | Entered Level 1 of the Lair of Beasts
  7838 | Lair:1   | Noticed a black mamba
  7854 | Lair:1   | Killed a black mamba
  7859 | Lair:1   | HP: 4/85 [poisoned by a black mamba]
  7864 | Lair:1   | HP: 2/85 [poisoned by a black mamba]
  7997 | Lair:1   | HP: 3/85 [wolf (6)]
  7998 | Lair:1   | Slain by a wolf

Illustrated notes

Levels and vault maps discovered:
D:1:      nzn_arrival_depleted_hourglass, layout_basic, serial_forest,
          infiniplex_forest_lined_room_2, infiniplex_forest_corner_1,
          infiniplex_forest_lined_2, infiniplex_forest_lined_ring,
          infiniplex_forest_lined_ring, infiniplex_forest_lined_corner,
          hellmonk_ecumenical_altar_arch_garden, serial_shops, shop,
          minmay_door_square
D:2:      cheibrodos_pilgrimage, layout_basic, serial_shops, shop
D:3:      layout_rooms
D:4:      layout_loops_ring, hangedman_ru_absence
D:5:      layout_loops_ring, minmay_temple_entry_glassed_door
D:6:      layout_basic, overflow_temple_1_default
D:7:      layout_basic, marbit_many_paths
D:8:      gammafunk_boulding_lane, layout_basic, lemuel_crystal_altar,
          dpeg_oklobed_lair, serial_shops, nicolae_shop_hallway_stairs
D:9:      nzn_winding_woodlands_three_and_one
          [nzn_winding_woodlands_5x15_sidewinder,
          nzn_winding_woodlands_5x15_river_crossing,
          nzn_winding_woodlands_5x15_pool, nzn_winding_woodlands_center_garden],
          layout_basic, st_stairs_4, uniq_grum
Temple:   nicolae_temple_figure_eight
Lair:1:   minmay_lair_oklob_tunnel, layout_regular_city, st_stairs_3,
          grunt_forest_large_clearings

Skill      XL: |  1  2  3  4  5  6  7  8  9 10 |
---------------+-------------------------------+-----
Maces & Flails | 1 2 3 4 5 6 |  6.0
Unarmed Combat | 4 5 6 7 8 9 10 | 10.2
Shields        | 1 2 3 4 |  4.6
Throwing       | 2 3 4 |  4.6
Evocations     | 1 3 |  3.4
Dodging        | 3 4 |  4.7
Fighting       | |  1.5

Action                   |  1- 3 |  4- 6 |  7- 9 | 10-12 || total
-------------------------+-------+-------+-------+-------++-------
Melee: Unarmed           |    55 |   193 |   311 |    52 ||   611
       Punch             |       |     4 |       |       ||     4
Throw: Stone             |       |     2 |       |       ||     2
       Javelin           |       |     3 |    13 |       ||    16
       Boomerang         |       |       |     3 |       ||     3
       Dart              |       |       |     3 |       ||     3
Invok: Trog's Hand       |       |       |       |     2 ||     2
  Use: Scroll            |       |     1 |    16 |     1 ||    18
       Potion            |       |       |     4 |       ||     4
 Stab: Sleeping          |       |     1 |     2 |       ||     3
Armor: Robe              |    15 |    42 |    86 |     9 ||   152
       Skin              |       |       |     5 |       ||     5
Dodge: Dodged            |    17 |    84 |    96 |    37 ||   234
Block: Kite shield       |       |    15 |   166 |    39 ||   220

Table legend: (Time is in decaauts)
 A = Elapsed time spent in this place.
 B = Non-inter-level travel time spent in this place.
 C = Inter-level travel time spent in this place.
 D = Time resting spent in this place.
 E = Time spent auto-exploring this place.
 F = Levels seen in this place.
 G = Mean time per level.
                   A        B        C        D        E       F      G
               +--------+--------+--------+--------+--------+-----+--------+
         Total |   8027 |   7769 |    258 |   1118 |   4601 |  11 |  729.7 |
       Dungeon |   7585 |   7357 |    228 |   1030 |   4362 |   9 |  842.8 |
        Temple |    168 |    138 |     30 |      0 |    122 |   1 |  168.0 |
          Lair |    273 |    273 |      0 |     88 |    117 |   1 |  273.0 |
               +--------+--------+--------+--------+--------+-----+--------+

Top non-repeatable levels by time:
     D:2: 1196 daAuts
     D:6: 1048 daAuts
     D:8: 987 daAuts
     D:1: 973 daAuts
     D:5: 954 daAuts
     D:4: 761 daAuts
     D:7: 706 daAuts
     D:3: 540 daAuts
     D:9: 418 daAuts
  Lair:1: 273 daAuts
  Temple: 168 daAuts
